TOP OF THE 1ST |
Syracuse Chiefs batting - Pitching for Iowa Cubs : LHP Andres Lobato
|
Pitching: LHP Andres Lobato
|
|
Batting: RHB Dusty Ballard
|
0-0: Ball 1-0: Ball 2-0: Ball 3-0: Called Strike 3-1: Called Strike 3-2: Strikes out swinging
|
Batting: RHB Hisayuki Akiyama
|
0-0: Ball 1-0: Called Strike 1-1: Ground out 5-3 (Groundball, 56S, EV 68.8 MPH)
|
Batting: RHB Jim Miske
|
0-0: Fly out, F5 (Line Drive, 5, EV 66.9 MPH)
|
Top of the 1st over - 0 runs, 0 hits, 0 errors, 0 left on base; Syracuse 0 - Iowa 0 |
BOTTOM OF THE 1ST |
Iowa Cubs batting - Pitching for Syracuse Chiefs : LHP Mike Tracy
|
Pitching: LHP Mike Tracy
|
|
Batting: RHB Andy Wasierski
|
0-0: Called Strike 0-1: Foul Ball, location: 2F 0-2: Strikes out swinging
|
Batting: RHB Jason Ostrom
|
0-0: Ball 1-0: Called Strike 1-1: Foul Ball, location: 2F 1-2: Ball 2-2: Ground out 4-3 (Groundball, 4, EV 104.4 MPH)
|
Batting: RHB Adam O'Hare
|
0-0: Swinging Strike 0-1: Ball 1-1: Ball 2-1: Ball 3-1: Swinging Strike 3-2: Strikes out looking
|
Bottom of the 1st over - 0 runs, 0 hits, 0 errors, 0 left on base; Syracuse 0 - Iowa 0 |
TOP OF THE 2ND |
Syracuse Chiefs batting - Pitching for Iowa Cubs : LHP Andres Lobato
|
Batting: LHB Dillon Gonzalez
|
0-0: Swinging Strike 0-1: Ground out 4-3 (Groundball, 4, EV 75.6 MPH)
|
Batting: RHB Ben Welt
|
0-0: Called Strike 0-1: Foul Ball, location: 2F 0-2: Foul Ball, location: 2F 0-2: Ball 1-2: Ground out 6-3 (Groundball, 6, EV 102.5 MPH)
|
Batting: RHB Kevin Wick
|
0-0: Swinging Strike 0-1: Foul Ball, location: 2F 0-2: Ball 1-2: Ball 2-2: Strikes out swinging
|
Top of the 2nd over - 0 runs, 0 hits, 0 errors, 0 left on base; Syracuse 0 - Iowa 0 |
BOTTOM OF THE 2ND |
Iowa Cubs batting - Pitching for Syracuse Chiefs : LHP Mike Tracy
|
Batting: RHB Brian Gargis
|
0-0: SINGLE (Groundball, 56S, EV 66.2 MPH) (infield hit)
|
Batting: RHB Pat Barton
|
0-0: Called Strike Brian Gargis is caught stealing 2nd base 2-4 0-1: Ball 1-1: Ball 2-1: Called Strike 2-2: Foul Ball, location: 2F 2-2: Ground out 6-3 (Groundball, 6, EV 85.6 MPH)
|
Batting: RHB Shintaro Katsumata
|
0-0: Called Strike 0-1: Called Strike 0-2: Foul Ball, location: 2F 0-2: Strikes out swinging
|
Bottom of the 2nd over - 0 runs, 1 hit, 0 errors, 0 left on base; Syracuse 0 - Iowa 0 |
TOP OF THE 3RD |
Syracuse Chiefs batting - Pitching for Iowa Cubs : LHP Andres Lobato
|
Batting: RHB Rene Montoya
|
0-0: Ball 1-0: Called Strike 1-1: Swinging Strike 1-2: Ground out 3-1 (Groundball, 34, EV 85.0 MPH)
|
Batting: RHB Ke-yue Hong
|
0-0: Foul Ball, location: 2F 0-1: Foul Ball, location: 2F 0-2: Ball 1-2: Strikes out swinging, 2-3 out at first.
|
Batting: RHB Brennan Cameron
|
0-0: Foul Ball, location: 2F 0-1: Foul Ball, location: 2F 0-2: Strikes out swinging, 2-3 out at first.
|
Top of the 3rd over - 0 runs, 0 hits, 0 errors, 0 left on base; Syracuse 0 - Iowa 0 |
BOTTOM OF THE 3RD |
Iowa Cubs batting - Pitching for Syracuse Chiefs : LHP Mike Tracy
|
Batting: RHB Tony Mendez
|
0-0: Ball 1-0: Foul Ball, location: 2F 1-1: Foul Ball, location: 2RF, Error on foul ball, E2 1-2: Ball 2-2: Foul Ball, location: 2F 2-2: Strikes out swinging
|
Batting: RHB Adam Kelliher
|
0-0: Ball 1-0: Called Strike 1-1: Swinging Strike 1-2: Strikes out looking
|
Batting: SHB Nick Chandler
|
0-0: Ball 1-0: Fly out, F8 (Flyball, 8LD, EV 105.6 MPH)
|
Bottom of the 3rd over - 0 runs, 0 hits, 1 error, 0 left on base; Syracuse 0 - Iowa 0 |
TOP OF THE 4TH |
Syracuse Chiefs batting - Pitching for Iowa Cubs : LHP Andres Lobato
|
Batting: RHB Dusty Ballard
|
0-0: Called Strike 0-1: Ground out 1-3 (Groundball, 13S, EV 67.5 MPH)
|
Batting: RHB Hisayuki Akiyama
|
0-0: Ball 1-0: Called Strike 1-1: Swinging Strike 1-2: Strikes out swinging
|
Batting: RHB Jim Miske
|
0-0: Ball 1-0: Swinging Strike 1-1: Fly out, F7 (Flyball, 7LS, EV 85.0 MPH)
|
Top of the 4th over - 0 runs, 0 hits, 0 errors, 0 left on base; Syracuse 0 - Iowa 0 |
BOTTOM OF THE 4TH |
Iowa Cubs batting - Pitching for Syracuse Chiefs : LHP Mike Tracy
|
Batting: RHB Andy Wasierski
|
0-0: Called Strike 0-1: Ball 1-1: Ball 2-1: Ball 3-1: SINGLE (Line Drive, 34D, EV 105.0 MPH)
|
Batting: RHB Jason Ostrom
|
0-0: Called Strike 0-1: Ball 1-1: Ball 2-1: Swinging Strike 2-2: SINGLE (Groundball, 5S, EV 67.5 MPH) (infield hit) Andy Wasierski to second
|
Batting: RHB Adam O'Hare
|
0-0: Foul Ball, location: 2F 0-1: Ball 1-1: Foul Ball, location: 2F 1-2: Ball 2-2: Fielders Choice at 2nd, 1-4 (Groundball, P, EV 73.8 MPH) Andy Wasierski to third
|
Batting: RHB Brian Gargis
|
0-0: Ball 1-0: Foul Ball, location: 2F 1-1: Ball 2-1: Foul Ball, location: 2F 2-2: Strikes out swinging
|
Batting: RHB Pat Barton
|
0-0: Ball 1-0: Fly out, F6 (Line Drive, 6, EV 69.4 MPH)
|
Bottom of the 4th over - 0 runs, 2 hits, 0 errors, 2 left on base; Syracuse 0 - Iowa 0 |
TOP OF THE 5TH |
Syracuse Chiefs batting - Pitching for Iowa Cubs : LHP Andres Lobato
|
Batting: LHB Dillon Gonzalez
|
0-0: Ball 1-0: Ball 2-0: Called Strike 2-1: Ball 3-1: Foul Ball, location: 2F 3-2: Strikes out swinging
|
Batting: RHB Ben Welt
|
0-0: Ball 1-0: Called Strike 1-1: TRIPLE (Flyball, 7D, EV 98.8 MPH)
|
Batting: RHB Kevin Wick
|
0-0: Ball 1-0: Ball 2-0: Called Strike 2-1: Fly out, F8 (Flyball, 8RD, EV 88.8 MPH) Runner from 3rd tags up, SCORES, throw by CF
|
Batting: RHB Rene Montoya
|
0-0: Ball 1-0: DOUBLE (Line Drive, 3D, EV 95.0 MPH)
|
Batting: RHB Ke-yue Hong
|
0-0: Ball 1-0: Ball 2-0: Called Strike 2-1: Ball 3-1: Called Strike 3-2: SINGLE (Groundball, 56, EV 101.9 MPH) Rene Montoya to third Runner from 3rd tries for Home, SAFE, throw by LF to home Ke-yue Hong to second
|
Batting: RHB Brennan Cameron
|
0-0: Called Strike 0-1: Fly out, F9 (Line Drive, 9D, EV 89.4 MPH)
|
Top of the 5th over - 2 runs, 3 hits, 0 errors, 1 left on base; Syracuse 2 - Iowa 0 |
BOTTOM OF THE 5TH |
Iowa Cubs batting - Pitching for Syracuse Chiefs : LHP Mike Tracy
|
Batting: RHB Shintaro Katsumata
|
0-0: Called Strike 0-1: Swinging Strike 0-2: Strikes out swinging
|
Batting: RHB Tony Mendez
|
0-0: Called Strike 0-1: Foul Ball, location: 2F 0-2: Foul Ball, location: 2F 0-2: Ball 1-2: Foul Ball, location: 2F 1-2: Ball 2-2: Ball 3-2: Strikes out looking
|
Batting: RHB Adam Kelliher
|
0-0: Ball 1-0: Called Strike 1-1: Foul Ball, location: 2F 1-2: Strikes out looking
|
Bottom of the 5th over - 0 runs, 0 hits, 0 errors, 0 left on base; Syracuse 2 - Iowa 0 |
TOP OF THE 6TH |
Syracuse Chiefs batting - Pitching for Iowa Cubs : LHP Andres Lobato
|
Batting: RHB Dusty Ballard
|
0-0: Called Strike 0-1: Foul Ball, location: 2F 0-2: Foul Ball, location: 2F 0-2: Hit by Pitch
|
Pitching: RHP Ryan Masterson
|
|
Batting: RHB Hisayuki Akiyama
|
0-0: Ball 1-0: Fly out, F7 (Flyball, 7S, EV 90.0 MPH)
|
Batting: RHB Jim Miske
|
0-0: Called Strike 0-1: Ball 1-1: Fly out, F7 (Flyball, 7S, EV 88.8 MPH)
|
Batting: LHB Dillon Gonzalez
|
0-0: Called Strike Dusty Ballard steals 2nd base 0-1: Swinging Strike 0-2: Foul Ball, location: 2F 0-2: Ball 1-2: Fly out, F7 (Flyball, 7LD, EV 99.4 MPH)
|
Top of the 6th over - 0 runs, 0 hits, 0 errors, 1 left on base; Syracuse 2 - Iowa 0 |
BOTTOM OF THE 6TH |
Iowa Cubs batting - Pitching for Syracuse Chiefs : LHP Mike Tracy
|
Batting: SHB Nick Chandler
|
0-0: Called Strike 0-1: Ground out 3-1 (Groundball, 34, EV 108.1 MPH)
|
Batting: RHB Andy Wasierski
|
0-0: Ball 1-0: Called Strike 1-1: Foul Ball, location: 2F 1-2: Ball 2-2: Strikes out swinging
|
Batting: RHB Jason Ostrom
|
0-0: Ball 1-0: Called Strike 1-1: Foul Ball, location: 2F 1-2: Ball 2-2: Strikes out swinging
|
Bottom of the 6th over - 0 runs, 0 hits, 0 errors, 0 left on base; Syracuse 2 - Iowa 0 |
TOP OF THE 7TH |
Syracuse Chiefs batting - Pitching for Iowa Cubs : RHP Ryan Masterson
|
Batting: RHB Ben Welt
|
0-0: Ball 1-0: Ball 2-0: Foul Ball, location: 2F 2-1: Fly out, F8 (Flyball, 8LXD, EV 94.4 MPH)
|
Batting: RHB Kevin Wick
|
0-0: Ball 1-0: Ball 2-0: SINGLE (Groundball, 6MD, EV 104.4 MPH)
|
Batting: RHB Rene Montoya
|
0-0: Ball 1-0: Called Strike 1-1: Foul Ball, location: 2F 1-2: Foul Ball, location: 2F 1-2: Strikes out swinging
|
Batting: RHB Ke-yue Hong
|
0-0: SINGLE (Line Drive, 8RS, EV 89.4 MPH) Kevin Wick to second
|
Batting: RHB Brennan Cameron
|
0-0: Called Strike 0-1: Ball 1-1: Swinging Strike 1-2: Foul Ball, location: 2F 1-2: Fly out, F3 (Popup, 34, EV 65.0 MPH)
|
Top of the 7th over - 0 runs, 2 hits, 0 errors, 2 left on base; Syracuse 2 - Iowa 0 |
BOTTOM OF THE 7TH |
Iowa Cubs batting - Pitching for Syracuse Chiefs : LHP Mike Tracy
|
Batting: RHB Adam O'Hare
|
0-0: SOLO HOME RUN (Flyball, 9D, EV 104.4 MPH), Distance : 384 ft
|
Batting: RHB Brian Gargis
|
0-0: Called Strike 0-1: Ball 1-1: Ball 2-1: Ground out 6-3 (Groundball, 56, EV 84.4 MPH)
|
Batting: RHB Pat Barton
|
0-0: Swinging Strike 0-1: Foul Ball, location: 2F 0-2: Strikes out swinging, 2-3 out at first.
|
Batting: RHB Shintaro Katsumata
|
0-0: Foul Ball, location: 2F 0-1: Swinging Strike 0-2: Strikes out looking
|
Bottom of the 7th over - 1 run, 1 hit, 0 errors, 0 left on base; Syracuse 2 - Iowa 1 |
TOP OF THE 8TH |
Syracuse Chiefs batting - Pitching for Iowa Cubs : RHP Ryan Masterson
|
Pitching: LHP Nate George
|
|
Batting: RHB Dusty Ballard
|
0-0: Called Strike 0-1: Ball 1-1: Ball 2-1: Ball 3-1: Base on Balls
|
Batting: RHB Hisayuki Akiyama
|
0-0: Bunted foul 0-1: Bunt missed! 0-2: Ball 1-2: Foul Ball, location: 2F 1-2: Foul Ball, location: 2F 1-2: Ground out 5-3 (Groundball, 5S, EV 68.1 MPH) Dusty Ballard to second
|
Batting: RHB Jim Miske
|
0-0: Intentional Walk
|
Batting: LHB Dillon Gonzalez
|
0-0: Foul Ball, location: 2F 0-1: SINGLE (Groundball, 15S, EV 68.8 MPH) (infield hit) Dusty Ballard to third Jim Miske to second
|
Batting: RHB Ben Welt
|
0-0: Ball 1-0: Ball 2-0: Ball 3-0: Base on Balls Dusty Ballard scores Jim Miske to third Dillon Gonzalez to second
|
Batting: RHB Kevin Wick
|
0-0: Ball 1-0: Ball 2-0: Ball 3-0: Base on Balls Jim Miske scores Dillon Gonzalez to third Ben Welt to second
|
Batting: RHB Rene Montoya
|
0-0: Fly out, F8 (Flyball, 89XD, EV 103.8 MPH) Runner from 3rd tags up, SCORES, no throw by CF
|
Pitching: RHP Julio Arteaga
|
|
Batting: RHB Ke-yue Hong
|
0-0: Foul Ball, location: 2F 0-1: Ball 1-1: Ball 2-1: Ball 3-1: Called Strike 3-2: Ground out 3-1 (Groundball, 34, EV 81.2 MPH)
|
Top of the 8th over - 3 runs, 1 hit, 0 errors, 2 left on base; Syracuse 5 - Iowa 1 |
BOTTOM OF THE 8TH |
Iowa Cubs batting - Pitching for Syracuse Chiefs : LHP Mike Tracy
|
Pitching: RHP Ruben Nevarel
|
|
Batting: RHB Tony Mendez
|
0-0: Ball 1-0: Ground out 6-3 (Groundball, 6, EV 86.9 MPH)
|
Batting: RHB Adam Kelliher
|
0-0: Ball 1-0: Called Strike 1-1: Ball 2-1: Foul Ball, location: 2F 2-2: Ball 3-2: Strikes out looking
|
Batting: SHB Nick Chandler
|
0-0: Called Strike 0-1: Foul Ball, location: 2F 0-2: Fly out, F9 (Flyball, 89D, EV 95.6 MPH)
|
Bottom of the 8th over - 0 runs, 0 hits, 0 errors, 0 left on base; Syracuse 5 - Iowa 1 |
TOP OF THE 9TH |
Syracuse Chiefs batting - Pitching for Iowa Cubs : RHP Julio Arteaga
|
Batting: RHB Brennan Cameron
|
0-0: Ground out 5-3 (Groundball, 56, EV 85.0 MPH)
|
Batting: RHB Dusty Ballard
|
0-0: Ball 1-0: Foul Ball, location: 2F 1-1: Ball 2-1: Ball 3-1: Foul Ball, location: 2F 3-2: Reached on error, E5 (Groundball, 56, EV 85.6 MPH)
|
Batting: RHB Hisayuki Akiyama
|
0-0: Ball 1-0: Fielders Choice at 2nd, 6-4 (Groundball, 6, EV 87.5 MPH)
|
Batting: RHB Jim Miske
|
0-0: Called Strike Hisayuki Akiyama steals 2nd base 0-1: Ball 1-1: Ball 2-1: Ball 3-1: Fly out, F6 (Line Drive, 6, EV 62.5 MPH)
|
Top of the 9th over - 0 runs, 0 hits, 1 error, 1 left on base; Syracuse 5 - Iowa 1 |
BOTTOM OF THE 9TH |
Iowa Cubs batting - Pitching for Syracuse Chiefs : RHP Ruben Nevarel
|
Pitching: LHP Kerry Baty
|
|
Batting: RHB Andy Wasierski
|
0-0: Foul Ball, location: 2F 0-1: Ball 1-1: Ball 2-1: SINGLE (Groundball, 5S, EV 64.4 MPH) (infield hit)
|
Batting: RHB Jason Ostrom
|
0-0: Ball 1-0: Ball 2-0: Foul Ball, location: 2F 2-1: Foul Ball, location: 2F 2-2: Strikes out swinging
|
Batting: RHB Adam O'Hare
|
0-0: Ball 1-0: Swinging Strike 1-1: Foul Ball, location: 2F 1-2: Foul Ball, location: 2F 1-2: Strikes out looking
|
Batting: RHB Brian Gargis
|
0-0: Foul Ball, location: 2F 0-1: Ball Wild Pitch! Andy Wasierski to second 1-1: Swinging Strike 1-2: Strikes out looking
|
Bottom of the 9th over - 0 runs, 1 hit, 0 errors, 1 left on base; Syracuse 5 - Iowa 1 |
|